AoeStats
← Zarośnięty

Arena

507298193Analyzed
1v1 RM · 15d ago on Sep 17, 2026· 41m 10s· 2 players
Game mode
Random Map
Map size
Tiny (2 player)
Population
200
Speed
Normal
Resources
Standard
Victory
Conquest
Starting age
Dark Age
Ending age
Imperial Age
RankedLock teamsTeams togetherTeam positionsShared explorationLock speedFull tech treeHidden civsTurbo modeCheats
Victory
Defeat
🇵🇱 Teutons · Poland
499
+13
🇪🇸 Italians · Spain
441
-13
Zarośnięty
11:40 Feudal Age
13:20 Wheelbarrow
12:48 Double-Bit Axe
12:47 Horse Collar
19:29 Man-at-Arms
22:25 Castle Age
20:36 Scale Mail Armor
20:57 Forging
21:38 Gold Mining
21:41 Stone Mining
22:44 Elite Skirmisher
22:47 Long Swordsman
22:49 Pikeman
23:50 Heavy Plow
24:04 Bow Saw
24:23 Fletching
35:24 Imperial Age
36:41 Stone Shaft Mining
36:15 Bodkin Arrow
37:12 Ballistics
37:53 Chemistry
40:44 Iron Casting
40:55 Two-Handed Swordsman
BeakedBasket526
0:28 Loom
13:53 Feudal Age
15:20 Man-at-Arms
15:52 Double-Bit Axe
20:08 Horse Collar
23:45 Castle Age
29:09 Pikeman
29:49 Squires
29:12 Long Swordsman
35:22 Arson
38:12 Imperial Age
37:25 Wheelbarrow
37:14 Gold Mining
37:14 Stone Mining
39:54 Chemistry
40:06 Forging
39:56 Scale Mail Armor
40:02 Scale Barding Armor
39:48 Fletching
39:58 Padded Archer Armor
Connection lost

Rejoining the realm…

Still unreachable

The connection could not be restored.

Session expired

The server has moved on; the page needs a fresh start.